 Dungeon Crawl Stone Soup version 0.28.0-53-g5a82cb258f (webtiles) character file.

Game seed: 8293433446583970323

837 Peloso the Slasher (level 7, -1/62 HPs)
             Began as a Minotaur Fighter on July 24, 2022.
             Succumbed to an orc wizard's poison
             ... on level 5 of the Dungeon.
             The game lasted 00:07:42 (3675 turns).

Peloso the Slasher (Minotaur Fighter)               Turns: 3675, Time: 00:07:42

Health: -1/62      AC: 12    Str: 20    XL:     7   Next: 66%
Magic:  6/6        EV:  8    Int:  7    God:
Gold:   225        SH:  0    Dex: 12    Spells: 6/6 levels left

rFire   + . .      SeeInvis .   a - +1 long sword (flame)
rCold   . . .      Faith    .   c - +0 buckler
rNeg    . . .      Spirit   .   h - +0 chain mail
rPois   .          Reflect  .   (helmet restricted)
rElec   .          Harm     .   g - +1 cloak
rCorr   .          Rampage  .   (no gloves)
Will    .....                   (no boots)
Stlth   ..........              (no amulet)
HPRegen 0.20/turn               n - ring of protection from fire
MPRegen 0.10/turn               (no ring)

@: confused, lethally poisoned (-1 -> -19)
A: horns 2, retaliatory headbutt, hooves 1, clever 1
a: no special abilities


You were on level 5 of the Dungeon.
You visited 1 branch of the dungeon, and saw 5 of its levels.
You also visited: Ossuary.

You collected 225 gold pieces.

Inventory:

Hand Weapons
 a - a +1 long sword of flaming (weapon)
Armour
 b - a +0 scale mail
 c - a +0 buckler (worn)
 g - a +1 cloak (worn)
 h - a +0 chain mail (worn)
Jewellery
 n - a ring of protection from fire (left hand)
Wands
 p - a wand of polymorph (5)
 v - a wand of flame (4)
Scrolls
 e - a scroll of enchant weapon
 k - a scroll of fear
 m - a scroll of holy word {unknown}
 o - a scroll of amnesia {unknown}
 y - a scroll of teleportation {unknown}
 z - a scroll of brand weapon
 A - a scroll of silence
Potions
 d - a potion of might
 f - 3 potions of brilliance
 i - 2 potions of haste
 l - a potion of degeneration {unknown}
 r - a potion of heal wounds
 s - a potion of mutation
 t - a potion of cancellation
 u - 2 potions of ambrosia {unknown}
 w - a potion of attraction {unknown}
 x - a potion of lignification {unknown}
 B - a potion of magic {unknown}


   Skills:
 + Level 5.9 Fighting
 + Level 6.8 Long Blades
 + Level 5.7 Armour
 + Level 2.4 Dodging
 + Level 0.1 Stealth
 + Level 5.2 Shields
 + Level 0.3 Unarmed Combat


You had 6 spell levels left.
You didn't know any spells.
Your spell library was empty.

Dungeon Overview and Level Annotations

Branches:
Dungeon (5/15)            Ossuary (visited)
 Temple: D:4-7

Altars:
Gozag
Sif Muna

Shops:
D:1 [(:   D:3 [

Annotations:
D:3 3 runed translucent doors, Rupert's ghost, amateur DsFi


Innate Abilities, Weirdness & Mutations

You have a pair of horns on your head.
You reflexively headbutt those who attack you in melee.
You have large cloven feet.
Your mind is acute. (Int +2)


Message History

The puff of flame hits you. You resist.
* * * LOW HITPOINT WARNING * * *
Something completely misses you.
You feel much better. Something hits you but does no damage.
You are poisoned.
Something hits you but does no damage.
Unknown command.
You closely miss something. Your kick misses something.
You feel sick. Something hits you.
You are more poisoned.
Something hits you but does no damage.
Unknown command.
You miss something. You kick something.
You feel very sick. You block something's attack.
Something hits you but does no damage.
You hit something but do no damage. Your kick misses something.
You feel very sick.
You hear some strange, mumbled words.
You are confused.
You hear some strange, mumbled words.
Something tries to affect you, but you resist.
You're too confused to move!
You feel sick. Something hits you but does no damage.
You are more poisoned.
Something hits you but does no damage.
You miss something. Your kick misses something.
* * * LOW HITPOINT WARNING * * *
You feel very sick. Something hits you but does no damage.
You are lethally poisoned!
Something hits you.
* * * LOW HITPOINT WARNING * * *
You bump into the stone wall.
* * * LOW HITPOINT WARNING * * *
You feel very sick. Something hits you.
* * * LOW HITPOINT WARNING * * *
You hear some strange, mumbled words.
You are more confused.
You die...

##..♣≈.≈≈≈P #...# ....≈≈≈.≈≈#
# #...# ###.≈≈≈≈≈...#. #...#
# #...≈≈≈≈≈≈♣.#.###...####.#
#(#.≈.≈≈.≈...#.#....)#.#o#
....♣≈≈≈≈...#.#.#.#.#.#.#
...P≈.≈.≈≈P#.#.#{#{#)#.#
#.#.≈P.≈≈≈#.#.#.#.#.#.#
#.#...≈P♣..#.#.#@#.#.#.#
#.#.......#.#†#.#.#.#.#.#
#.#..#.#.#.#.#.#.#.#.#.#.#
#.#..#.##.#.#.#.#.#.#.#.#.#
#....#.#.#.#.#.#.#.#.#.#.#.#
###.##.##.#.#.#.#.#.#.#.#.#.#
#.##.#.#.#.#.#.#.#.#.#. #.
#.##.##.# #.#.#.#.#.#.
#.##.#.# #.#.#.#)#.


There were no monsters in sight!

Vanquished Creatures
  An ice beast (D:5)
  3 scorpions (D:4)
  2 water moccasin zombies (Ossuary)
  A howler monkey (D:5)
  2 jellies (D:3)
  Jessica (D:2)
  2 iguanas (D:4)
  Ijyb (D:3)
  Terence (D:2)
  A hound skeleton (D:4)
  2 mummies (Ossuary)
  A howler monkey zombie (D:5)
  4 gnolls (D:4)
  5 adders
  An ufetubus (D:4)
  2 adder zombies (Ossuary)
  An adder skeleton (D:4)
  2 worms
  A dart slug (D:4)
  7 orcs
  5 ball pythons
  3 bats
  4 endoplasms
  2 giant cockroaches
  2 gnoll zombies (Ossuary)
  4 goblins
  9 hobgoblins
  7 kobolds
  2 quokkas
  A frilled lizard (D:1)
  4 hobgoblin zombies (Ossuary)
  9 kobold zombies (Ossuary)
  5 orc zombies (Ossuary)
  7 rats
105 creatures vanquished.

Notes
Turn   | Place    | Note
-------+----------+-------------------------------------------
     0 | D:1      | Peloso the Minotaur Fighter began the quest for the Orb.
     0 | D:1      | Reached XP level 1. HP: 19/19 MP: 0/0
   123 | D:1      | Found Zulug's Antique Armour Emporium.
   222 | D:1      | Found a faded altar of an unknown god.
   283 | D:1      | You fall into a shaft and drop 1 floor!
   287 | D:2      | Reached XP level 2. HP: 27/27 MP: 1/1
   465 | D:2      | Reached XP level 3. HP: 33/33 MP: 2/2
   611 | D:2      | Noticed Terence
   619 | D:2      | Killed Terence
   620 | D:2      | Reached skill level 3 in Long Blades
   842 | D:2      | Reached XP level 4. HP: 39/41 MP: 3/3
  1046 | D:2      | Noticed Jessica
  1048 | D:2      | Killed Jessica
  1327 | D:1      | Found Ninuar's Weapon Emporium.
  1429 | D:1      | Found Muoguno Ynih's Book Shop.
  1677 | D:3      | Found Atoff's Antique Armour Emporium.
  1712 | D:3      | Reached skill level 4 in Long Blades
  1712 | D:3      | Reached XP level 5. HP: 42/47 MP: 4/4
  1808 | D:3      | Found a runed translucent gate.
  1809 | D:3      | Found a runed translucent gate.
  1813 | D:3      | Noticed Rupert's ghost (amateur DsFi)
  1851 | D:3      | Found a runed translucent gate.
  2151 | D:3      | Noticed Ijyb
  2247 | D:3      | Killed Ijyb
  2248 | D:3      | Reached skill level 1 in Dodging
  2360 | D:3      | Found an opulent altar of Gozag.
  2369 | D:3      | Found a shimmering blue altar of Sif Muna.
  2529 | D:4      | Reached XP level 6. HP: 48/53 MP: 5/5
  2537 | D:4      | Reached skill level 5 in Armour
  2544 | D:4      | Reached skill level 5 in Fighting
  2544 | D:4      | Reached skill level 5 in Long Blades
  2594 | D:4      | Found a sand-covered staircase.
  2603 | Ossuary  | Entered an ossuary
  2631 | Ossuary  | Reached skill level 5 in Shields
  2706 | Ossuary  | Reached XP level 7. HP: 51/61 MP: 6/6
  3141 | D:4      | Reached skill level 6 in Long Blades
  3493 | D:5      | Entered Level 5 of the Dungeon
  3665 | D:5      | Gained mutation: You have large cloven feet. [potion of
                  | mutation]
  3665 | D:5      | Gained mutation: Your mind is acute. (Int +2) [potion of
                  | mutation]
  3674 | D:5      | HP: 3/62 [something (4)]
  3675 | D:5      | Succumbed to an orc wizard's poison

Illustrated notes

Levels and vault maps discovered:
D:1:      dpeg_arrival_court, layout_basic, serial_shops,
          nicolae_shop_temple_entry_statues_fountains, nicolae_shop_statue_plus,
          nicolae_shop_hallway_stairs,
          dreamdust_ecumenical_altar_hidden_monk_grotto, hex_tiny
D:2:      minmay_chambers_of_ones, layout_loops_cross, uniq_terence,
          uniq_jessica
D:3:      layout_loops_ring, mainiacjoe_overflow_swirl, serial_shops,
          nicolae_square_shop, gammafunk_ghost_split, uniq_ijyb
D:4:      layout_cave_pools, lightli_ossuary_entry_decrepit_ruins
D:5:      layout_basic, serial_bayou_pond_b

Skill      XL: |  1  2  3  4  5  6  7 |
---------------+----------------------+-----
Fighting       | 4 5 |  5.9
Armour         | 4 5 |  5.7
Shields        | 4 5 |  5.2
Long Blades    | 3 4 5 6 |  6.8
Dodging        | 2 |  2.4
Stealth        | |  0.1
Unarmed Combat | |  0.3

Action                   |  1- 3 |  4- 6 |  7- 9 || total
-------------------------+-------+-------+-------++-------
Melee: Long sword        |    54 |   147 |    96 ||   297
       Headbutt          |     7 |    20 |    14 ||    41
       Unarmed           |       |     3 |       ||     3
       Kick              |       |       |     1 ||     1
  Use: Scroll            |       |     3 |     5 ||     8
       Potion            |       |       |     7 ||     7
Armor: Scale mail        |    24 |       |       ||    24
       Chain mail        |     4 |    84 |    74 ||   162
Dodge: Dodged            |    22 |    41 |    33 ||    96
Block: Buckler           |     7 |    36 |    18 ||    61
